 Dungeon Crawl Stone Soup version 0.14-a0-226-gcf818b1 (webtiles) character file.

97 4tharraofdagon the Vexing (level 2, 0/11 HPs)
             Began as a Felid Enchanter on Oct 10, 2013.
             Slain by an adder (5 damage)
             ... on Level 3 of the Dungeon.
             The game lasted 00:02:42 (422 turns).

4tharraofdagon the Vexing (Felid Enchanter)          Turns: 422, Time: 00:02:42

HP   0/11        AC  1     Str  4      XL: 2   Next: 96%
MP   2/5         EV 18     Int 16      God:
Gold 69          SH  0     Dex 16      Spells:  2 memorised,  0 levels left
Lives: 0, deaths: 0

Res.Fire  : . . .   See Invis. : +     - Unarmed
Res.Cold  : . . .   Warding    : .   (armour unavailable)
Life Prot.: . . .   Conserve   : .   (shield unavailable)
Res.Poison: .       Res.Corr.  : .   (helmet unavailable)
Res.Elec. : .       Clarity    : .   (cloak unavailable)
Sust.Abil.: . .     Spirit.Shd : .   (gloves unavailable)
Res.Mut.  : .       Stasis     : .   (boots unavailable)
Res.Rott. : .       Flight     : .   (no amulet)
Saprovore : . . .                    (no ring)
                                     (no ring)

@: exhausted, quick, slightly resistant to hostile enchantments, quite stealthy
A: paw claws, no armour, no advanced items, fangs 3, see invisible, carnivore 3,
speed 1, slow metabolism 1, jump 1, AC +1
a: Jump Attack


You were on level 3 of the Dungeon.
You were full.

You visited 1 branch of the dungeon, and saw 3 of its levels.

You collected 49 gold pieces.

Inventory:

Comestibles
 f - a meat ration
Scrolls
 a - a scroll of identify {unknown}
 d - 2 scrolls of amnesia {unknown}
 e - 2 scrolls of enchant armour {unknown}
Potions
 b - a potion of brilliance {unknown}
Books
 c - a book of Maledictions

   Spells                             Type                      Level
   *Corona                            Hexes                        1
   Sure Blade                         Hexes/Charms                 2
   *Ensorcelled Hibernation           Hexes/Ice                    2
   Confuse                            Hexes                        3
   Enslavement                        Hexes                        4
   Invisibility                       Hexes                        6


   Skills:
 + Level 0.4 Fighting
 + Level 2.9 Dodging
 * Level 3.5 Stealth
 * Level 1.6 Unarmed Combat
 + Level 1.4 Spellcasting
 + Level 4.5 Hexes


You couldn't memorise any spells.
You knew the following spells:

 Your Spells              Type           Power        Failure   Level  Hunger
a - Corona                Hex            ###....      4%          1    ##.....
b - Ensorcelled Hibernat  Hex/Ice        #.....       14%         2    ###....


Dungeon Overview and Level Annotations

Branches:
Dungeon (3/27)

Altars:
Yredelemnul


Innate Abilities, Weirdness & Mutations

You cannot wear armour.
You are incapable of any advanced item manipulation.
Your paws have sharp claws.
You have razor-sharp teeth.
You have supernaturally acute eyesight.
You are carnivorous and can eat meat at any time.
You cover ground quickly.
You are covered in fur (AC +1).
You have a slow metabolism.
You can jump attack at a short distance.


Message History

The adder is heavily wounded.
You feel somewhat less full. The adder closely misses you.
Unknown command.
Casting: Ensorcelled Hibernation
Confirm with . or Enter, or press ? or * to list all spells.
Aiming: Corona
Press: ? - help, Shift-Dir - straight line, f/p - adder
Aim: an adder (heavily wounded, bleeding)
The adder resists.
The adder completely misses you. The adder bites you.
Unknown command.
You closely miss the adder.
The adder is heavily wounded.
The adder completely misses you.
You barely miss the adder. You claw the adder, but do no damage.
The adder is heavily wounded.
The adder misses you.
You closely miss the adder.
The adder is heavily wounded.
The adder is no longer bleeding.
The adder bites you.
You die...

#...........#
#.....$.....#
######.............
..................r
...................
...........####....#
#######...# #....# #...#
#....# #.@.# #....# #..S#
#....#
.#######...####....#
....................# ....
....................##...#
#################...##...#
#.>......# #........#
#..###...#


You could see an adder.

Vanquished Creatures
  2 adders
  A bat (D:1)
  A giant cockroach (D:2)
  A goblin (D:2)
  A hobgoblin (D:2)
  2 kobolds (D:2)
  A quokka (D:2)
  2 rats (D:2)
11 creatures vanquished.

Notes
Turn   | Place    | Note
--------------------------------------------------------------
     0 | D:1      | 4tharraofdagon, the Felid Enchanter, began the quest for the Orb.
     0 | D:1      | Reached XP level 1. HP: 7/7 MP: 4/4
    33 | D:1      | JacquesDerrida: something is wrong
    55 | D:2      | ZoFy: yes, your jump's destination is chosen randomly
    62 | D:2      | JacquesDerrida: where is all the stronk
    62 | D:2      | Reached XP level 2. HP: 7/11 MP: 2/5
    75 | D:2      | Learned a level 2 spell: Ensorcelled Hibernation
    84 | D:1      | ZoFy: and you can jump over non-large dudes
   250 | D:2      | Found a basalt altar of Yredelemnul.
   422 | D:3      | Slain by an adder

Action                   || total
-------------------------++-------
Melee: Unarmed           ||    49
 Cast: Corona            ||     5
       Ensorcelled Hiber ||     6
 Abil: Jump Attack       ||     5
  Use: Potion            ||     1
 Stab: Sleeping          ||     7
